[Event "Szansa Chess Open 2022"]
[Site "Warsaw"]
[Date "2022.09.18"]
[Round "6.15"]
[White "Rak, Maciej"]
[Black "Jarocka, Liwia"]
[Result "1-0"]
[ECO "B21"]
[WhiteElo "1866"]
[BlackElo "2131"]
[Annotator "TA"]
[PlyCount "81"]
[EventDate "2022.09.17"]
[EventCountry "POL"]
[SourceTitle "playchess.com"]
[Source "ChessBase"]
[SourceQuality "1"]
[TimeControl "900+10"]

1. e4 c5 2. d4 cxd4 3. c3 Nf6 4. Bd3 dxc3 5. Nxc3 Nc6 {[%emt 0:00:02] [#]} 6. Bc4 $146 {[%emt 0:00:24] Prevents d5. B21: Sicilian: 2 f4 and Morra Gambit.} ({Predecessor:} 6. Nf3 d6 7. Bc4 e6 8. O-O Be7 9. Bg5 h6 10. Bf4 O-O 11. Re1 e5 12. Be3 {0-1 (37) Khnykin,N (2309)-Shirov,A (2649) Chess.com INT 2020}) 6... e6 7. Nf3 Bb4 8. Qe2 {[%emt 0:00:15] Black is better.} h6 ({Reject} 8... d5 $6 9. exd5 Nxd5 10. Bd2 $11) (8... O-O $17 {Threatens to win with ...d5.} 9. e5 (9. a3 Bxc3+ 10. bxc3 Nxe4 $17) 9... d5) 9. O-O $11 O-O 10. Rd1 {[%emt 0:00:36] Against d5} ({Better is} 10. e5 $1 $11 Ne8 11. Rd1) 10... Bxc3 $15 11. bxc3 d5 $36 {[%emt 0:00:02][%mdl 2048] Black fights for an advantage.} 12. e5 (12. Bd3 $15) 12... Ne4 $17 13. Bb2 {[%emt 0:00:17] [#]} Qa5 $1 14. Bd3 Nxc3 15. Bxc3 Qxc3 16. Rac1 Qb4 17. Bb1 Bd7 18. Qd3 g6 19. Qe3 Kg7 20. a3 (20. h4 $17 {might work better.}) 20... Qe7 $19 21. h4 h5 22. Qf4 Rac8 23. g4 (23. Bd3 $142) 23... hxg4 24. Qxg4 Rh8 25. Kg2 Qxa3 26. Nd4 $2 (26. Bd3) 26... Nxd4 27. Rxc8 Bxc8 28. Rxd4 Qe7 29. Rf4 Bd7 30. Rf6 {[%emt 0:00:01][%cal Oh4h5] aiming for h5!} Be8 31. Qg5 Qc7 $2 ({Black should play} 31... Qb4 $19 32. Bxg6 Qxh4 33. Qxh4 Rxh4) 32. Bxg6 $1 $11 fxg6 33. Rxe6 Rh5 $2 {[%emt 0:00:15][%mdl 8192] [#]} (33... Qf7 $2 34. Re7 Kg8 35. Rxf7 Kxf7 36. Qf6+ Kg8 37. Qd8 $18) (33... Qc8 $11 34. Qe7+ Bf7 35. Rxg6+ Kxg6 36. Qf6+ Kh7 37. Qxf7+ Kh6 38. Qf6+ Kh7 39. Qf7+ Kh6 40. Qf6+ Kh7 41. Qf7+) 34. Qf6+ {[%emt 0:00:08] White mates.} Kh6 35. Rxe8 {[%emt 0:00:11] KQR-KQR} Rf5 36. Rh8+ Qh7 37. Rxh7+ Kxh7 38. Qe7+ Kh6 39. e6 d4 40. Qd8 Re5 41. Qh8# {[%emt 0:00:02] Weighted Error Value: White=0.50/Black=0.58} 1-0

[Event "Szansa Chess Open 2022"]
[Site "Warsaw"]
[Date "2022.09.18"]
[Round "6.16"]
[White "Lapaj, Mateusz"]
[Black "Wadelek, Karol"]
[Result "1-0"]
[ECO "B23"]
[WhiteElo "2216"]
[BlackElo "1943"]
[Annotator "TA"]
[PlyCount "49"]
[EventDate "2022.09.17"]
[EventCountry "POL"]
[SourceTitle "playchess.com"]
[Source "ChessBase"]
[SourceQuality "1"]
[TimeControl "900+10"]

1. e4 c5 2. Nc3 a6 3. a4 e6 4. Nge2 d5 5. exd5 exd5 6. d4 {[%emt 0:00:01] B23: Closed Sicilian: Lines without g3.} c4 (6... cxd4 $11 7. Nxd4 Nc6) 7. g3 $1 $14 Nf6 (7... Bb4 $14) 8. Bg2 {[%emt 0:00:02] White is clearly better.} h6 {[%emt 0:01:07] [#] Inhibits Bg5.} 9. O-O $1 Bb4 10. Nf4 {[%emt 0:03:58][%cal Rc3d5] [#]} Be6 $146 (10... Bg4 $16 11. Qe1+ Kf8) ({Predecessor:} 10... Bxc3 11. bxc3 O-O 12. Re1 Nc6 13. Ba3 Re8 14. Rxe8+ Nxe8 15. Nxd5 Bf5 16. Rb1 Rb8 {1-0 (55) Mazanchenko,D (2161)-Jakubowska,A (2073) Chess.com INT 2021}) 11. Qe2 $18 Bxc3 (11... Qe7 $142 12. Ncxd5 Nxd5) 12. Nxe6 ({Not} 12. bxc3 Qd7 13. Bh3 Kd8 $18) 12... fxe6 13. Qxe6+ ({Weaker is} 13. bxc3 Kf7 14. f4 Nc6 $16) 13... Qe7 14. Qc8+ {[%emt 0:00:36][%mdl 64] [#] Skewer} Kf7 15. Qxh8 Bxd4 16. Bf4 Qf8 17. Qxf8+ Kxf8 18. Rfd1 Nc6 19. c3 Bb6 20. Bxd5 {[%emt 0:00:03] White is clearly winning.} Nxd5 21. Rxd5 Re8 22. Kf1 {[%emt 0:00:02] Inhibits Re2.} g5 23. Bd6+ Kf7 24. Bc5 Bxc5 25. Rxc5 {[%emt 0:00:01] White took control after the opening.  Weighted Error Value: White=0.05 (flawless) /Black=0.41} 1-0

[Event "Szansa Chess Open 2022"]
[Site "Warsaw"]
[Date "2022.09.18"]
[Round "6.17"]
[White "Smykalo, Severyn"]
[Black "Kaczmarska, Joanna"]
[Result "1-0"]
[ECO "E38"]
[WhiteElo "1840"]
[BlackElo "1948"]
[Annotator "TA"]
[PlyCount "71"]
[EventDate "2022.09.17"]
[EventCountry "POL"]
[SourceTitle "playchess.com"]
[Source "ChessBase"]
[SourceQuality "1"]
[TimeControl "900+10"]

1. d4 Nf6 2. c4 e6 3. Nc3 Bb4 4. Qc2 c5 5. dxc5 Qa5 6. Bd2 {[%emt 0:00:34][%cal Bc1d2,Bd2c3,Bc3b2][%mdl 32] E38: Nimzo-Indian: Classical: 4...c5.} Na6 7. e3 O-O 8. a3 {[%emt 0:01:05] [#] White is better.} Nxc5 $146 ({Predecessor:} 8... Bxc5 9. Nf3 Qd8 10. Bd3 Be7 11. b4 b6 12. O-O Bb7 13. Rfd1 Rc8 14. Nb5 d5 15. Nxa7 dxc4 16. Nxc8 cxd3 17. Nxe7+ Qxe7 18. Qxd3 {1-0 (40) Bazant,P (2360)-Kriz,L (2145) Tatranska Lomnica 1998}) 9. Rd1 Bxc3 10. Bxc3 Qd8 (10... Qa4 $14 11. Qxa4 Nxa4) 11. b4 Nce4 12. Bb2 {[%emt 0:00:14] Hoping for f3.} d5 {[%emt 0:02:16] [#]} 13. f3 $1 $36 {[%emt 0:00:35][%mdl 2048] White is really pushing.} Nd6 14. c5 Nf5 15. Kf2 Nh5 {[%emt 0:06:11] [#] White must now prevent ...Qh4+.} 16. g3 {[%emt 0:04:45] Inhibits Qh4. Active counter play!} e5 $2 {[%emt 0:02:31] This move loses the game for Black.} (16... Qg5 $16) 17. e4 $18 Nd4 18. Bxd4 exd4 19. Rxd4 Be6 20. exd5 Qf6 21. Qd2 ({Not} 21. Rh4 Bf5 22. Bd3 Bg6 $18) 21... Rad8 22. Ne2 Qg6 (22... Bc8 $142 23. g4 Qh4+ 24. Kg1 Nf6) 23. dxe6 Rxd4 24. Qxd4 fxe6 25. Bg2 Nf6 26. Re1 Qh5 27. Nf4 Qh6 28. Kg1 g5 29. Nxe6 Re8 30. Re5 g4 31. Nf4 {[%emt 0:00:02] aiming for fxg4.} Rf8 32. fxg4 {[%emt 0:00:14] White wants to mate with g5.} Nxg4 33. Bd5+ {[%emt 0:00:01] White mates.} Kh8 34. Re8+ Nf6 35. Rxf8+ Qxf8 36. Nh5 {Weighted Error Value: White=0.04 (flawless) /Black=0.52} 1-0

[Event "Szansa Chess Open 2022"]
[Site "Warsaw"]
[Date "2022.09.18"]
[Round "6.18"]
[White "Rekuc, Patryk"]
[Black "Omar, Ahmed"]
[Result "0-1"]
[ECO "C42"]
[WhiteElo "1777"]
[BlackElo "2064"]
[Annotator "TA"]
[PlyCount "36"]
[EventDate "2022.09.17"]
[EventCountry "POL"]
[SourceTitle "playchess.com"]
[Source "ChessBase"]
[SourceQuality "1"]
[TimeControl "900+10"]

1. e4 e5 2. Nf3 Nf6 3. Nxe5 Nc6 4. Nxc6 dxc6 5. Nc3 Bc5 {[%emt 0:00:02] Strongly threatening ...Ng4.} 6. Be2 {[%emt 0:00:07] Prevents Ng4. C42: Petroff Defence: 3 Nxe5 and unusual White 3rd moves.} (6. h3 $16) 6... h5 7. h3 ({Better is} 7. Rf1 $14) 7... Qd4 $15 8. O-O {[%emt 0:00:25] [#]} ({White should play} 8. Rf1 $1 $15) 8... Ng4 $1 $40 {[%emt 0:00:28][%cal Rg4f2][%mdl 640] White is in trouble. Black is much more active. The white rooks are badly placed.} 9. Bxg4 (9. Nb5 cxb5) 9... hxg4 {[%emt 0:00:03] [#]} 10. Ne2 $146 {[%emt 0:00:05] [#]} (10. d3 $17) ({Predecessor:} 10. d3 gxh3 11. Be3 Qd6 12. Qf3 hxg2 13. Qxg2 Bh3 14. Qg5 Bg4 15. Bf4 Bf3 16. Qg2 Qg6 17. Bg3 Qxg3 {0-1 (17) Jary,S (2275)-Rosen,E (2356) Chess.com INT 2021}) 10... Qf6 $1 $19 (10... Qxe4 11. d4 gxh3 12. f3) 11. d4 gxh3 12. Nf4 ({Wrong is} 12. dxc5 $2 hxg2 13. Bf4 g5 14. Bxc7 Rh1+ 15. Kxg2 Bh3+ 16. Kg3 Bxf1 17. Qxf1 Rxf1 18. Rxf1 Qxb2 $19) (12. e5 Qf5 13. Ng3 (13. dxc5 $2 hxg2 14. f3 Qxe5 $19)) 12... hxg2 13. Nxg2 Bxd4 14. c3 Bb6 15. Bf4 Qg6 {[%emt 0:00:37] ( -> ...Bg4)} 16. Qf3 Rh3 ({But not} 16... Qh7 $2 17. Ne3 $19) 17. Qe2 Qh7 18. Ne3 Rh1+ {[%emt 0:00:03] Black took control after the opening.  Weighted Error Value: White=1.14/Black=0.03 (flawless)} 0-1

[Event "Szansa Chess Open 2022"]
[Site "Warsaw"]
[Date "2022.09.18"]
[Round "6.19"]
[White "Padalka, Artem"]
[Black "Polak, Michal"]
[Result "1-0"]
[ECO "E15"]
[WhiteElo "2184"]
[BlackElo "1954"]
[Annotator "TA"]
[PlyCount "58"]
[EventDate "2022.09.17"]
[EventCountry "POL"]
[SourceTitle "playchess.com"]
[Source "ChessBase"]
[SourceQuality "1"]
[TimeControl "900+10"]

1. d4 Nf6 2. Nf3 e6 3. c4 b6 4. g3 Ba6 5. Qc2 Bb4+ (5... c5 $11) 6. Bd2 $14 {[%emt 0:00:16] E15: Queen's Indian: 4 g3 sidelines, 4 g3 Ba6 and 4 g3 Bb7 early deviations.} Be7 7. e4 d5 8. cxd5 {[%emt 0:00:13] White is slightly better.} Bxf1 $1 9. Kxf1 {[%emt 0:00:21] Black must now prevent dxe6.} exd5 10. e5 Ne4 11. Nc3 (11. Kg2 {seems wilder.} Qd7 12. h4 c5 13. Nc3) 11... Nxd2+ 12. Qxd2 O-O 13. Kg2 Qd7 14. Rhe1 {[%emt 0:00:30] [#]} c6 $146 ({Predecessor:} 14... Nc6 15. Qe2 Nd8 16. Rad1 Ne6 17. Ng1 g6 18. f4 Ng7 19. Nf3 c6 20. Rd3 Rac8 {0-1 (78) Medvegy,Z (2531)-Rigo,J (2313) Hungary 2011}) 15. Rad1 Na6 16. Ng1 Nc7 17. f4 f5 18. exf6 Bxf6 19. Nf3 Rfe8 20. Ne5 Bxe5 21. dxe5 Rad8 {[%emt 0:00:03] [#]} 22. Ne4 $1 c5 (22... Re7 23. Qc2) 23. Nd6 Re7 24. f5 {[%emt 0:01:31] White is much more active.} Ne8 (24... Rf8 $16 {was worth a try.}) 25. Qxd5+ $18 Kh8 $2 {[%emt 0:00:07] [#]} (25... Kf8) 26. Nf7+ $1 {[%emt 0:02:45][%mdl 512] White is clearly winning.} Rxf7 27. e6 Nf6 28. Qxd7 Rfxd7 29. Rxd7 Ra8 {[%emt 0:00:24] Weighted Error Value: White=0.09 (flawless) /Black=0.19 (very precise)} 1-0

[Event "Szansa Chess Open 2022"]
[Site "Warsaw"]
[Date "2022.09.18"]
[Round "6.20"]
[White "Rudzinska, Michalina"]
[Black "Seredyn, Dominik"]
[Result "1-0"]
[ECO "B22"]
[WhiteElo "2289"]
[BlackElo "1720"]
[Annotator "ChessBase"]
[PlyCount "67"]
[EventDate "2022.09.17"]
[EventCountry "POL"]
[SourceTitle "playchess.com"]
[Source "ChessBase"]
[SourceQuality "1"]
[TimeControl "900+10"]

1. e4 c5 2. c3 g6 3. d4 cxd4 4. cxd4 d5 5. e5 Nc6 6. Nc3 a6 7. Nf3 Bg4 8. Be2 Bg7 9. h3 Bxf3 10. Bxf3 e6 11. O-O Nh6 12. g4 O-O 13. Bg2 Kh8 14. Be3 Ng8 15. Qd2 f6 16. f4 b5 17. Rac1 Rc8 18. b3 Qb6 19. Ne2 a5 20. Rc5 Nge7 21. Rfc1 fxe5 22. fxe5 Nb4 23. a3 Na6 24. Rxc8 Rxc8 25. Rxc8+ Nxc8 26. Kh2 Qc7 27. Bg5 a4 28. bxa4 bxa4 29. Nf4 Nb6 30. Nxe6 Qc6 31. Nxg7 Kxg7 32. Qf4 Qe8 33. Qf6+ Kg8 34. Bh6 1-0

[Event "Szansa Chess Open 2022"]
[Site "Warsaw"]
[Date "2022.09.18"]
[Round "6.21"]
[White "Alvarado, Carlos"]
[Black "Siekanska, Zuzanna"]
[Result "0-1"]
[ECO "C24"]
[WhiteElo "2108"]
[BlackElo "1898"]
[Annotator "TA"]
[PlyCount "71"]
[EventDate "2022.09.17"]
[EventCountry "POL"]
[SourceTitle "playchess.com"]
[Source "ChessBase"]
[SourceQuality "1"]
[TimeControl "900+10"]

1. e4 {[%emt 0:01:42] ChessBase II} e5 2. Bc4 Nf6 3. d3 Nc6 4. Nc3 Bb4 5. Bd2 O-O 6. Nf3 d6 {[%emt 0:00:12] C28: Vienna Game: 2...Nf6 3 Bc4 Nc6.} 7. h3 Na5 8. Bb3 Nxb3 {[%emt 0:00:04] The position is equal.} 9. axb3 Re8 10. O-O c6 11. Bg5 h6 12. Bh4 d5 {[%emt 0:00:07] [#]} 13. exd5 $146 ({Predecessor:} 13. Bxf6 gxf6 14. Qc1 Kh7 15. Ne2 f5 16. exd5 cxd5 17. c3 Bd6 18. Re1 e4 19. dxe4 fxe4 {½-½ (32) Ralle,P (2118)-Dagonia,S (1898) Issy les Moulineaux 2010 EXT 2011 [ChessBase II]}) 13... cxd5 14. Bxf6 (14. d4 $142 e4 15. Ne5) 14... gxf6 $11 15. Nh2 Kh7 ({Better is} 15... f5 $11) 16. Qh5 Rf8 (16... Rg8 $1 $14) 17. Ng4 Bxg4 18. hxg4 (18. Qxg4 $16 a5 19. Qf3) 18... Bxc3 19. bxc3 Qc7 20. Qf5+ (20. f4 $14) 20... Kg7 21. c4 $36 {[%emt 0:00:09][%mdl 2048] White is more active.} dxc4 22. dxc4 Rfd8 23. Rad1 Rxd1 24. Rxd1 {[%emt 0:00:01][%mdl 4096] Endgame KQR-KQR} Rd8 25. Rd5 a6 26. Qd3 Rxd5 (26... Ra8 $11) 27. cxd5 {[%emt 0:00:03] Threatens to win with d6. KQ-KQ} b5 $2 {[%emt 0:00:07][%mdl 8192] [#] Black cannot hold the game after this.} (27... Qd7 $16) 28. d6 $1 $18 Qd7 29. c4 bxc4 30. bxc4 e4 31. Qd5 a5 32. c5 {[%emt 0:00:03] [#] Threatening mate with c6.} e3 33. fxe3 Qe8 34. Kf2 {[%emt 0:00:38] d7 would kill now.} Qa4 35. d7 Qc2+ 36. Kg3 {[%emt 0:00:05][%mdl 32768] Weighted Error Value: White=0.19 (very precise) /Black=0.52. Sensor Board Error (Ke4/e5)?} 0-1

[Event "Szansa Chess Open 2022"]
[Site "Warsaw"]
[Date "2022.09.18"]
[Round "6.22"]
[White "Derylo, Kamil"]
[Black "Vasynda, Oleksandr"]
[Result "1-0"]
[ECO "D00"]
[WhiteElo "2143"]
[BlackElo "1866"]
[Annotator "TA"]
[PlyCount "127"]
[EventDate "2022.09.17"]
[EventCountry "POL"]
[SourceTitle "playchess.com"]
[Source "ChessBase"]
[SourceQuality "1"]
[TimeControl "900+10"]

1. d4 d5 2. Bg5 Nf6 3. Bxf6 gxf6 4. e3 e6 5. Nd2 c5 $1 6. dxc5 {[%emt 0:00:04] D00: 1 d4 d5: Unusual lines.} Bxc5 7. Ngf3 Nc6 8. c4 {[%emt 0:01:21] The position is equal.} d4 9. exd4 Nxd4 10. Be2 {[%emt 0:00:01] [#]} b6 $146 ({Predecessor:} 10... Nxe2 11. Qxe2 b6 12. O-O Bb7 13. Ne4 O-O 14. Rad1 Qe7 15. Rd7 Bxe4 16. Rxe7 Bxf3 17. Qxf3 Bxe7 {1-0 (28) Djordjevic,V (2350)-Tikhonov,V (2200) Chess.com INT 2020}) 11. O-O ({Don't play} 11. b4 Bxb4 12. Rb1 (12. Qa4+ $2 b5 $19) 12... Ba5 $17) 11... Bb7 12. Nxd4 $1 Bxd4 {[%emt 0:02:19] This bishop pair is nice.} 13. Qc2 f5 14. Bf3 Qd7 15. Rad1 Rg8 16. Bxb7 Qxb7 17. Qa4+ Ke7 18. Qa3+ Bc5 19. Qf3 Qxf3 20. Nxf3 Rg7 21. Ne5 Rag8 22. g3 {[%emt 0:00:06][%cal Ob2b4] And now b4! would win.} f4 (22... Kf6 $14 23. Rfe1 f4) 23. Kg2 (23. Nc6+ $16 Kf6 24. b4) 23... f5 $2 {[%emt 0:00:42] [#] A mistake that costs the game.} (23... Kf6 $14 24. Nd7+ Ke7) 24. b4 $1 $18 Bd6 (24... f3+ $2 25. Kxf3 Kf6 26. Nd7+ (26. bxc5 Kxe5 27. Rfe1+ Kf6 $18) 26... Rxd7 27. Rxd7 $18) 25. Nc6+ Kd7 26. Nxa7 {[%emt 0:00:14] aiming for Nb5.} fxg3 27. hxg3 {[%emt 0:00:10] Hoping for Nb5.} Rd8 $2 (27... Ke7 28. Nc6+ Kd7) 28. c5 bxc5 29. bxc5 Ke8 30. Nc6 ({Not} 30. cxd6 Rxa7 31. Rh1 Ra6 $16) ({Weaker is} 30. Rxd6 Rxd6 31. cxd6 Rxa7 $16) 30... Rc8 31. Rxd6 Rgc7 32. Nd4 Rxc5 33. Re1 e5 34. Re6+ Kf7 35. R6xe5 Rxe5 36. Rxe5 {[%emt 0:00:02][%mdl 4096] Endgame KRN-KR} Ra8 37. Rxf5+ Kg6 38. Rb5 Rxa2 39. g4 Ra4 40. Rd5 Kf6 41. Kg3 Ra2 42. Rf5+ Kg6 43. Rb5 (43. Nc6 $142 Ra3+ 44. f3 Ra6 45. Ne7+ Kg7 46. Rh5 Ra7 47. Nf5+ Kf6 48. f4) 43... Rd2 44. Rb6+ Kf7 45. Nf3 Rd3 46. Kf4 Ra3 47. Ne5+ Kg7 48. f3 Ra8 49. Rb7+ (49. Kf5 $142 Ra7 50. Kg5 Ra5 51. Rb7+ Kg8 52. f4 Rd5 53. Kf6 Rd6+ 54. Kf5) 49... Kf6 50. g5+ Ke6 51. Rb6+ Ke7 52. Kg4 {[%emt 0:00:04] White mates.} Ra1 53. f4 Kf8 54. Kf5 Ra7 55. Kf6 Ra8 {[%emt 0:00:00] [#]} 56. Rb8+ $3 Rxb8 {[%emt 0:00:03] KR-KN} 57. Nd7+ Kg8 58. Nxb8 {[%emt 0:00:02] KN-KP} Kh8 59. Ke7 h5 60. Kf7 h4 61. g6 h3 62. g7+ Kh7 63. g8=Q+ Kh6 64. Qg6# {[%emt 0:00:02] Weighted Error Value: White=0.12 (very precise) /Black=0.45} 1-0

[Event "Szansa Chess Open 2022"]
[Site "Warsaw"]
[Date "2022.09.18"]
[Round "6.23"]
[White "Janeczko, Jakub"]
[Black "Tsiapko, Andrii"]
[Result "1-0"]
[ECO "B20"]
[WhiteElo "2159"]
[BlackElo "1590"]
[Annotator "TA"]
[PlyCount "43"]
[EventDate "2022.09.17"]
[EventCountry "POL"]
[SourceTitle "playchess.com"]
[Source "ChessBase"]
[SourceQuality "1"]
[TimeControl "900+10"]

1. e4 c5 2. d3 Nc6 3. g3 g6 4. Bg2 Bg7 5. f4 d6 6. Nf3 e6 7. O-O Nge7 8. c3 O-O 9. Be3 b6 10. Na3 Bb7 11. Nc2 {[%emt 0:00:02] B20: Sicilian: Unusual White 2nd moves.} d5 12. e5 Nf5 13. Bf2 $1 {[%emt 0:00:02][%cal Be3f2,Bf2h4,Bh4f6][%mdl 32] White is slightly better.} h5 14. h3 Qc7 {[%emt 0:01:52] [#]} 15. g4 $146 ({Predecessor:} 15. Qd2 Rfd8 16. Rfe1 Bf8 17. Qe2 b5 18. Nd2 a5 19. Bf3 b4 20. g4 hxg4 21. hxg4 {1-0 (44) Zhanbai Uulu,Z (1742)-Abo Hazeem,M (1929) Sharjah 2013}) 15... hxg4 16. hxg4 Nfe7 17. Qe2 Rfd8 (17... Rae8 $16 {keeps fighting.}) 18. Bh4 $18 d4 {[%emt 0:02:51] [#]} 19. c4 $1 Re8 (19... b5 $142) 20. Bf6 {[%emt 0:00:05] Threatens to win with Ng5.} Kf8 (20... Bxf6 $2 21. exf6 Qxf4 22. Nd2 $18 (22. fxe7 Qxg4 23. Nfxd4 Qxe2 $16)) 21. Ng5 Kg8 (21... Reb8 $142 22. Qe1 Bxf6) 22. Qf2 {[%emt 0:00:07] Black did not feel at home in the position after the opening.  Weighted Error Value: White=0.04 (flawless) /Black=0.51} 1-0

[Event "Szansa Chess Open 2022"]
[Site "Warsaw"]
[Date "2022.09.18"]
[Round "7"]
[White "Nasuta, Grzegorz"]
[Black "Gumularz, Szymon"]
[Result "1-0"]
[ECO "C41"]
[WhiteElo "2531"]
[BlackElo "2532"]
[Annotator "ChessBase"]
[PlyCount "63"]
[EventDate "2022.09.17"]
[EventCountry "POL"]
[SourceTitle "playchess.com"]
[Source "ChessBase"]
[SourceQuality "1"]
[TimeControl "900+10"]

1. e4 e5 2. Nf3 d6 3. d4 Nd7 4. Nc3 Ngf6 5. Rg1 c6 6. g4 h6 7. h4 exd4 8. Nxd4 Nc5 9. Qe2 g6 10. g5 hxg5 11. Bxg5 Be7 12. O-O-O Qc7 13. f4 Nh5 14. f5 Bxg5+ 15. Rxg5 Bd7 16. fxg6 fxg6 17. e5 d5 18. e6 Bc8 19. Rxg6 Nf4 20. Qg4 Qh7 21. Rg7 Qh6 22. Nf5 Ne2+ 23. Kb1 Nxc3+ 24. bxc3 Qxe6 25. Qg5 Ne4 26. Re7+ Kd8 27. Qf4 Qxe7 28. Nxe7 Kxe7 29. Qe5+ Be6 30. Bh3 Nc5 31. Bxe6 Nxe6 32. Re1 1-0

[Event "Szansa Chess Open 2022"]
[Site "Warsaw"]
[Date "2022.09.18"]
[Round "7"]
[White "Jakubowski, Krzysztof"]
[Black "Lewicki, Miroslaw"]
[Result "1/2-1/2"]
[ECO "B90"]
[WhiteElo "2466"]
[BlackElo "2336"]
[Annotator "ChessBase"]
[PlyCount "78"]
[EventDate "2022.09.17"]
[EventCountry "POL"]
[SourceTitle "playchess.com"]
[Source "ChessBase"]
[SourceQuality "1"]
[TimeControl "900+10"]

1. e4 c5 2. Nf3 d6 3. d4 cxd4 4. Nxd4 Nf6 5. Nc3 a6 6. Bd3 g6 7. f3 Bg7 8. Be3 Nc6 9. Qd2 O-O 10. O-O-O Nxd4 11. Bxd4 b5 12. h4 e5 13. Be3 Be6 14. Be2 Qa5 15. Qxd6 Bxa2 16. g4 Rab8 17. Nxa2 Qxa2 18. Qa3 Qxa3 19. bxa3 Rfc8 20. Kb2 Bf8 21. Rd3 h5 22. Bg5 Ne8 23. gxh5 gxh5 24. Rg1 Kh8 25. Rd7 b4 26. a4 Bc5 27. Rgd1 f6 28. Bxa6 fxg5 29. Bxc8 Rxc8 30. hxg5 Bd4+ 31. Kb3 Ng7 32. g6 Ne6 33. Rh7+ Kg8 34. Kxb4 Rb8+ 35. Kc4 Rc8+ 36. Kb5 Rb8+ 37. Kc4 Rc8+ 38. Kb5 Rb8+ 39. Kc4 Rc8+ 1/2-1/2

[Event "Szansa Chess Open 2022"]
[Site "Warsaw"]
[Date "2022.09.18"]
[Round "7"]
[White "Jarmula, Lukasz"]
[Black "Siekanska, Maria"]
[Result "0-1"]
[ECO "D32"]
[WhiteElo "2457"]
[BlackElo "2029"]
[Annotator "ChessBase"]
[PlyCount "120"]
[EventDate "2022.09.17"]
[EventCountry "POL"]
[SourceTitle "playchess.com"]
[Source "ChessBase"]
[SourceQuality "1"]
[TimeControl "900+10"]

1. d4 d5 2. c4 e6 3. Nc3 c5 4. cxd5 exd5 5. Nf3 Nc6 6. dxc5 d4 7. Na4 Bxc5 8. Nxc5 Qa5+ 9. Bd2 Qxc5 10. Rc1 Qb6 11. e3 Nf6 12. Bc4 O-O 13. O-O Bg4 14. exd4 Nxd4 15. Be3 Bxf3 16. Bxd4 Bxd1 17. Bxb6 axb6 18. Rfxd1 Rfd8 19. f3 Kf8 20. Bb3 Rac8 21. Rxc8 Rxc8 22. Kf2 Ke7 23. Re1+ Kf8 24. Rd1 Rc7 25. g4 h6 26. h4 Rd7 27. Rc1 Ke7 28. Re1+ Kd8 29. Re5 Re7 30. Rf5 Ke8 31. Rb5 Nd7 32. Bd5 Nf6 33. Bb3 Nd7 34. Ba4 Kd8 35. Rd5 Kc7 36. b4 Ne5 37. Bb3 f6 38. Kg3 Rd7 39. h5 Nc6 40. a3 Nd4 41. Rxd7+ Kxd7 42. Bc4 Nc2 43. Kf4 Nxa3 44. Bd3 b5 45. Kf5 Ke7 46. Ke4 Kd6 47. Kd4 Nc4 48. f4 Nb6 49. Be4 Nc8 50. Bxb7 Ne7 51. Ba6 Kc6 52. g5 hxg5 53. fxg5 fxg5 54. Ke5 Kb6 55. Bc8 Nxc8 56. Kf5 Nd6+ 57. Kxg5 Kc6 58. Kg6 Ne8 59. Kf7 Nf6 60. Kg6 Nxh5 0-1

[Event "Szansa Chess Open 2022"]
[Site "Warsaw"]
[Date "2022.09.18"]
[Round "7"]
[White "Nguyen, Piotr"]
[Black "Golecki, Jan"]
[Result "1-0"]
[ECO "A13"]
[WhiteElo "2421"]
[BlackElo "2193"]
[Annotator "ChessBase"]
[PlyCount "76"]
[EventDate "2022.09.17"]
[EventCountry "POL"]
[SourceTitle "playchess.com"]
[Source "ChessBase"]
[SourceQuality "1"]
[TimeControl "900+10"]

1. c4 e6 2. g3 d5 3. Bg2 c5 4. Nf3 Nc6 5. cxd5 exd5 6. d4 Nf6 7. O-O c4 8. b3 cxb3 9. Qxb3 Qb6 10. Qxb6 axb6 11. Nc3 Bb4 12. Nb5 Ra5 13. a4 Bd7 14. Bf4 O-O 15. Ne5 Nxe5 16. dxe5 Ne4 17. Rfd1 Bxb5 18. Bxe4 Bxa4 19. Rxd5 Bc6 20. Rdxa5 bxa5 21. Bxc6 bxc6 22. Rc1 Rc8 23. e4 a4 24. Kf1 a3 25. Ra1 Rd8 26. Ke2 Rd4 27. f3 Rc4 28. Ra2 Kf8 29. Kd1 Rc3 30. Ke2 c5 31. Be3 Rb3 32. Bc1 c4 33. f4 c3 34. Kd3 Rb2 35. Ra1 c2 36. Bxb2 axb2 37. Ra8+ Ke7 38. Kxc2 Bc3 1-0

[Event "Szansa Chess Open 2022"]
[Site "Warsaw"]
[Date "2022.09.18"]
[Round "7"]
[White "Lewtak, Damian"]
[Black "Kozak, Antoni"]
[Result "1/2-1/2"]
[ECO "A04"]
[WhiteElo "2386"]
[BlackElo "2434"]
[Annotator "ChessBase"]
[PlyCount "226"]
[EventDate "2022.09.17"]
[EventCountry "POL"]
[SourceTitle "playchess.com"]
[Source "ChessBase"]
[SourceQuality "1"]
[TimeControl "900+10"]

1. Nf3 c5 2. b3 d5 3. e3 Nc6 4. Bb2 a6 5. d4 cxd4 6. Nxd4 Nf6 7. Be2 e6 8. Nd2 Bd6 9. c4 O-O 10. cxd5 exd5 11. Nxc6 bxc6 12. O-O Re8 13. Rc1 Bd7 14. Bf3 Qe7 15. Re1 Bb4 16. Bc3 Ba3 17. Ra1 Bf5 18. Nf1 Ne4 19. Bxe4 Bxe4 20. Ng3 Bg6 21. Qg4 Qe6 22. Qd4 Bf8 23. Rad1 f6 24. Bb4 Bxb4 25. Qxb4 a5 26. Qc5 h5 27. h3 a4 28. Ne2 Be4 29. Nd4 Qe5 30. f3 Bf5 31. Nxc6 Qc7 32. Qxd5+ Be6 33. Qd6 Qxd6 34. Rxd6 axb3 35. axb3 Bxb3 36. Rd2 Bf7 37. Kf2 Ra3 38. Nd4 Rc8 39. Nf5 Ra7 40. e4 Be6 41. Ne3 Rca8 42. h4 Kf7 43. Rb1 Rc8 44. Rb6 Rca8 45. Kg3 Re8 46. Rdb2 Ree7 47. Rb8 Ra3 48. Kf2 Rd7 49. R8b7 Rxb7 50. Rxb7+ Kf8 51. Rb5 Ra2+ 52. Kg3 Re2 53. Kf4 g6 54. Rb7 Bf7 55. Rb5 Be6 56. g3 Ke7 57. Rb7+ Kf8 58. Nd5 Bxd5 59. exd5 Re5 60. d6 Rd5 61. Rd7 Ke8 62. Re7+ Kf8 63. Rd7 Ke8 64. Rg7 Rxd6 65. Rxg6 Kf7 66. Rh6 Rd4+ 67. Ke3 Rd5 68. Rh7+ Kg6 69. Ra7 Re5+ 70. Kf2 Rb5 71. Ra2 Rb4 72. Rd2 Ra4 73. Ke3 Rb4 74. Rd4 Rb3+ 75. Kf4 Rb1 76. Ra4 Rh1 77. Ra8 Rf1 78. Rh8 Rh1 79. Rg8+ Kf7 80. Rb8 Kg6 81. Rb2 Rf1 82. Rh2 Ra1 83. Rd2 Ra4+ 84. Ke3 Ra3+ 85. Rd3 Ra1 86. Rb3 Ra4 87. Rb2 Ra3+ 88. Kf2 Ra4 89. Kg2 Rc4 90. Kh3 Rc3 91. Rf2 Kf5 92. Kg2 Ra3 93. Rd2 Rb3 94. Rd5+ Kg6 95. g4 hxg4 96. fxg4 Rb2+ 97. Kf3 Rb3+ 98. Ke4 Rb4+ 99. Rd4 Rb1 100. Rd6 Rh1 101. h5+ Kg5 102. Kf3 Rf1+ 103. Kg3 Rg1+ 104. Kf3 Rxg4 105. Rxf6 Ra4 106. Rb6 Ra3+ 107. Kf2 Ra2+ 108. Ke3 Ra3+ 109. Kd4 Ra4+ 110. Kc5 Ra5+ 111. Rb5 Rxb5+ 112. Kxb5 Kh6 113. Kc5 Kxh5 1/2-1/2